 Dungeon Crawl Stone Soup version 0.23-a0-315-ga85b81c (webtiles) character file.

1726 b5mith the Conjurer (level 9, -1/57 HPs)
             Began as a Human Conjurer on Oct 13, 2018.
             Was a Follower of Yredelemnul.
             Shot with an arrow by a centaur (7 damage)
             ... on level 6 of the Dungeon.
             The game lasted 00:37:25 (8966 turns).

b5mith the Conjurer (Human Conjurer)                Turns: 8966, Time: 00:37:26

Health: -1/57      AC:  7    Str:  8    XL:     9   Next: 25%
Magic:  13/18      EV: 11    Int: 20    God:    Yredelemnul [*.....]
Gold:   218        SH:  0    Dex: 13    Spells: 9/20 levels left

rFire    . . .     SeeInvis .   a - +0 hunting sling
rCold    + . .     Gourm    +   (no shield)
rNeg     . . .     Faith    .   e - +0 robe
rPois    .         Spirit   .   y - +0 helmet
rElec    .         Reflect  .   C - +0 cloak
rCorr    .         Harm     .   (no gloves)
MR       +....                  d - +2 pair of boots
Stlth    +++.......             u - amulet of the gourmand
HPRegen  0.19/turn              j - ring of protection from magic
MPRegen  0.16/turn              k - ring of protection from cold

@: very slightly contaminated, drained
A: no striking features
a: Animate Remains, Renounce Religion


You were on level 6 of the Dungeon.
You worshipped Yredelemnul.
Yredelemnul was aware of your devotion.
You were full.

You visited 1 branch of the dungeon, and saw 7 of its levels.

You collected 218 gold pieces.

Inventory:

Hand Weapons
 a - a +0 hunting sling (weapon)
   (You found it on level 1 of the Dungeon)
Missiles
 q - 57 sling bullets (quivered)
 w - a throwing net
Armour
 d - a +2 pair of boots (worn)
   (You found it on level 1 of the Dungeon)
 e - a +0 robe (worn)
 p - a +0 helmet
   (You found it on level 1 of the Dungeon)
 y - a +0 helmet (worn)
   (You took it off Robin on level 4 of the Dungeon)
 C - a +0 cloak (worn)
   (You took it off Crazy Yiuf on level 3 of the Dungeon)
Jewellery
 j - a ring of protection from magic (left hand)
   (You found it on level 1 of the Dungeon)
 k - a ring of protection from cold (right hand)
   (You found it on level 1 of the Dungeon)
 l - a +4 ring of evasion {unknown}
   (You found it on level 6 of the Dungeon)
 n - a +2 ring of strength
   (You found it on level 1 of the Dungeon)
 u - an amulet of the gourmand (around neck)
   (You found it on level 5 of the Dungeon)
 D - an uncursed ring of protection from cold
   (You found it on level 3 of the Dungeon)
Wands
 f - a wand of iceblast (8)
   (You found it on level 4 of the Dungeon)
Scrolls
 h - a scroll of identify {@r1}
 i - a scroll of immolation {unknown}
 s - 2 scrolls of amnesia
 v - a scroll of remove curse {@r2}
 E - a scroll of magic mapping {unknown}
 G - a scroll of enchant weapon {unknown}
 H - a scroll of fear {unknown}
Potions
 b - a potion of ambrosia {unknown}
 g - a potion of berserk rage {unknown}
 m - 3 potions of degeneration {unknown}
 o - a potion of lignification {unknown}
 r - 3 potions of curing {unknown}
 x - 2 potions of might
 z - a potion of flight {unknown}
 A - 2 potions of brilliance {unknown}
 B - 4 potions of heal wounds {unknown}
 F - a potion of mutation {unknown}
Comestibles
 c - 4 rations


   Skills:
 - Level 2.0(0.9) Dodging
 + Level 7.0(5.8) Stealth
 + Level 6.4(5.2) Spellcasting
 + Level 7.8(6.6) Conjurations


You had 9 spell levels left.
You knew the following spells:

 Your Spells              Type           Power        Failure   Level  Hunger
a - Magic Dart            Conj           ####         1%          1    None
b - Searing Ray           Conj           ####..       1%          2    None
c - Fulminant Prism       Conj/Hex       ###.......   28%         4    ####...
d - Force Lance           Conj/Tloc      ###.....     28%         4    ####...

Your spell library contained the following spells:

 Spells                   Type           Power        Failure   Level  Hunger
 Iskenderun's Mystic Bla  Conj           ####....     8%          4    ####...
 Dazzling Spray           Conj/Hex       ###...       9%          3    ##.....
 Beastly Appendage        Tmut           #.....       12%         1    None
 Sticks to Snakes         Tmut           #.......     17%         2    None
 Spider Form              Tmut/Pois      #.........   34%         3    ##.....
 Ice Form                 Ice/Tmut       #.......     75%         4    ####...
 Blade Hands              Tmut           #.........   97%         5    #####..


Dungeon Overview and Level Annotations

Branches:
Dungeon (7/15)             Temple (0/1) D:6

Altars:
Ashenzari
Fedhas
Hepliaklqana
Nemelex Xobeh
Okawaru
Ru
Trog
Uskayaw
Yredelemnul

Shops:
D:5 %


Message History

The orc wizard is moderately wounded.
The centaur hits you. The orc wizard hits you with a dagger.
Casting: Magic Dart (safe; 1% risk of failure)
Confirm with . or Enter, or press ? or * to list all spells.
Aiming: Magic Dart (safe; 1% risk of failure)
Press: ? - help, Shift-Dir - straight line, f/p - orc wizard
Aim: an orc wizard, wielding a dagger and wearing a robe (moderately wounded)
The magic dart hits the orc wizard.
The orc wizard is heavily wounded.
The centaur hits you. The orc wizard casts a spell at you.
The magic dart hits you! The centaur hits you.
Casting: Magic Dart (safe; 1% risk of failure)
Confirm with . or Enter, or press ? or * to list all spells.
Aiming: Magic Dart (safe; 1% risk of failure)
Press: ? - help, Shift-Dir - straight line, f - centaur, p - orc wizard
Aim: a centaur The magic dart hits the centaur.
The centaur hits you.
* * * LOW HITPOINT WARNING * * *
The orc wizard misses you.
Casting: Magic Dart (safe; 1% risk of failure)
Confirm with . or Enter, or press ? or * to list all spells.
Aiming: Magic Dart (safe; 1% risk of failure)
Press: ? - help, Shift-Dir - straight line, f/p - centaur
Aim: a centaur The magic dart hits the centaur.
The centaur is moderately wounded.
The centaur hits you.
* * * LOW HITPOINT WARNING * * *
The orc wizard points at you and mumbles some strange words.
The magic dart hits you!
* * * LOW HITPOINT WARNING * * *
The centaur hits you!
* * * LOW HITPOINT WARNING * * *
Casting: Magic Dart (safe; 1% risk of failure)
Confirm with . or Enter, or press ? or * to list all spells.
You don't know that spell.
Aiming: Iceblast
Press: ? - help, Shift-Dir - straight line, p - centaur
Okay, then.
Blink to where?
Press: ? - help, Dir - move target cursor, p - centaur You are very lightly contaminated with residual magic.
As you read the scroll of blinking, it crumbles to dust.
The centaur wields a shortbow.
The centaur shoots an arrow.
The arrow hits you.
* * * LOW HITPOINT WARNING * * *
You see here an arrow.
The centaur shoots an arrow.
The arrow hits you!
You die...
Your body rises from the dead as a mindless zombie.

.....(........................#.#
.........c.............####.###.#
.......................# #.# #.#
.......................# #.# ###
.......................####'###..
.............(..........##⌠.⌠##..
......(................###.>.##..
.....).................###⌠.⌠####
...............>@......########..
.......................########..
......<................## ### ###
........................###.#####
........................##.###.##
........................##.###.##
.....#####............^..........
.#...........#..##...#....#......
#####.....########...#....#......


You could see a centaur.

Vanquished Creatures
  3 yaks (D:6)
  An ice beast (D:5)
  A black bear (D:6)
  An ogre (D:6)
  3 big kobolds (D:5)
  A bullfrog (D:6)
  5 wights (D:6)
  A centaur zombie (D:5)
  A bullfrog zombie (D:6)
  An orc priest (D:4)
  Crazy Yiuf (D:3)
  A hound (D:6)
  An iguana (D:6)
  2 worker ants
  2 orc wizards (D:5)
  2 hound skeletons
  A worker ant zombie (D:5)
  Robin (D:4)
  9 adders
  An adder zombie (D:6)
  An adder skeleton (D:6)
  3 worms
  3 dart slugs
  3 leopard geckos
  13 orcs
  8 bats
  7 giant cockroaches
  10 goblins
  16 hobgoblins
  10 jackals
  12 kobolds
  5 quokkas
  5 frilled lizards
  A giant cockroach zombie (D:6)
  A leopard gecko skeleton (D:4)
  A quokka zombie (D:6)
  6 rats
144 creatures vanquished.

Vanquished Creatures (others)
  6 toadstools (D:5)
6 creatures vanquished.

Grand Total: 150 creatures vanquished

Notes
Turn   | Place    | Note
-------+----------+-------------------------------------------
     0 | D:1      | b5mith the Human Conjurer began the quest for the Orb.
     0 | D:1      | Reached XP level 1. HP: 13/13 MP: 3/3
   475 | D:1      | Reached XP level 2. HP: 10/19 MP: 0/5
   759 | D:1      | Learned a level 2 spell: Searing Ray
  1310 | D:2      | Reached XP level 3. HP: 24/24 MP: 2/6
  2195 | D:3      | Found a hide-covered altar of Uskayaw.
  2196 | D:3      | Found a bloodstained altar of Trog.
  2197 | D:3      | Found a sparkling altar of Nemelex Xobeh.
  2197 | D:3      | Found a blossoming altar of Fedhas.
  2198 | D:3      | Found an iron altar of Okawaru.
  2319 | D:3      | Reached XP level 4. HP: 30/30 MP: 0/8
  3015 | D:3      | Reached skill level 5 in Conjurations
  3015 | D:3      | Reached XP level 5. HP: 35/35 MP: 9/9
  3606 | D:3      | Found a runed door.
  3610 | D:3      | Noticed Crazy Yiuf
  3675 | D:3      | Killed Crazy Yiuf
  4151 | D:4      | Noticed Robin
  4302 | D:4      | Killed Robin
  4311 | D:5      | Entered Level 5 of the Dungeon
  4499 | D:5      | Reached XP level 6. HP: 38/41 MP: 4/11
  4757 | D:5      | Found Suig Qos's Food Boutique.
  4806 | D:5      | Noticed an ice beast
  4813 | D:5      | Killed an ice beast
  5179 | D:4      | Reached XP level 7. HP: 4/46 MP: 4/13
  6151 | D:4      | Found a basalt altar of Yredelemnul.
  6224 | D:4      | Became a worshipper of Yredelemnul the Dark
  7113 | D:5      | Reached skill level 5 in Stealth
  7113 | D:5      | Reached XP level 8. HP: 50/52 MP: 6/15
  7186 | D:5      | Noticed a slime creature
  7282 | D:6      | Found a shattered altar of Ashenzari.
  7363 | D:6      | Reached skill level 5 in Spellcasting
  7424 | D:6      | Found a hazy altar of Hepliaklqana.
  7721 | D:6      | Noticed a yak
  7721 | D:6      | Noticed a yak
  7722 | D:6      | Noticed a yak
  7758 | D:6      | Killed a yak
  7758 | D:6      | Reached * piety under Yredelemnul
  7760 | D:6      | Killed a yak
  7771 | D:6      | Killed a yak
  8029 | D:6      | Found a sacrificial altar of Ru.
  8043 | D:6      | Reached XP level 9. HP: 57/57 MP: 11/18
  8089 | D:6      | Learned a level 4 spell: Fulminant Prism
  8094 | D:6      | Learned a level 4 spell: Force Lance
  8248 | D:6      | Found a staircase to the Ecumenical Temple.
  8966 | D:6      | Shot with an arrow by a centaur

Vault maps used:
D:1:      eino_arrival_druids_welcome
D:2:      chequers_serial_rivers_small_a
D:3:      chequers_temple_overflow_statue_of_worship, first_ration, bloody_trog,
          uniq_crazy_yiuf_cottage
D:4:      yredelemnul_altar_generic, chequers_serial_rivers_micro_b, uniq_robin
D:5:      cheibrodos_fertilizer, serial_shops, shop
D:6:      cheibrodos_ashenzari_chains, hangedman_ru_absence,
          nicolae_overflow_hidden_temple, temple_doors_ab, serial_undead,
          serial_undead_a, serial_undead_b, serial_undead_b, serial_undead_f
D:7:      grunt_ministairs_7, uniq_menkaure

Skill      XL: |  1  2  3  4  5  6  7  8  9 |
---------------+----------------------------+-----
Spellcasting   | 3 4 6 |  6.4
Conjurations   | 5 6 7 |  7.8
Stealth        | 3 4 5 6 7 |  7.0
Dodging        | |  2.0

Action                   |  1- 3 |  4- 6 |  7- 9 || total
-------------------------+-------+-------+-------++-------
Melee: Unarmed           |    13 |       |       ||    13
       Hunting sling     |       |     1 |     2 ||     3
 Fire: Hunting sling     |    21 |    24 |   120 ||   165
 Cast: Magic Dart        |    61 |   132 |   173 ||   366
       Searing Ray       |     2 |       |     7 ||     9
Evoke: Wand              |       |     4 |     3 ||     7
  Use: Scroll            |     1 |     4 |     6 ||    11
  Eat: Chunk             |     5 |     8 |    16 ||    29
       Ration            |       |     1 |       ||     1
Armor: Robe              |     3 |    12 |    47 ||    62
Dodge: Dodged            |    28 |    46 |   100 ||   174

Table legend:
 A = Non-vault XP
 B = Vault XP
 C = Vault XP percentage of total XP
 D = Non-vault monster count
 E = Vault monster count
 F = Vault count percentage of total count
                 A         B        C        D         E       F
            +---------+---------+-------+---------+---------+-------
      Total |    2036 |     431 |  17.5 |     119 |      25 |  17.4
            +---------+---------+-------+---------+---------+-------
        D:1 |      28 |       0 |   0.0 |      13 |       0 |   0.0
        D:2 |      29 |       0 |   0.0 |      16 |       0 |   0.0
        D:3 |     124 |      40 |  24.4 |      31 |       1 |   3.1
        D:4 |     131 |      25 |  16.0 |      27 |       6 |  18.2
        D:5 |     355 |     307 |  46.4 |      15 |      13 |  46.4
        D:6 |    1369 |      59 |   4.1 |      17 |       5 |  22.7
            +---------+---------+-------+---------+---------+-------
